 Dungeon Crawl Stone Soup version 0.31.0-12-g77e489cdc1 (webtiles) character file.

Game seed: 14326201644944048089

1761 Gadfly the Changeling (level 8, -1/61 HPs)
             Began as a Demonspawn Monk on Feb 24, 2024.
             Was an Initiate of Ru.
             Succumbed to a killer bee's poison
             ... on level 7 of the Dungeon.
             The game lasted 00:07:13 (6772 turns).

Gadfly the Changeling (Demonspawn Monk)             Turns: 6772, Time: 00:07:14

Health: -1/61      AC:  3    Str: 14    XL:     8   Next: 79%
Magic:  8/8        EV: 14    Int: 10    God:    Ru [......]
Gold:   386        SH:  0    Dex: 16    Spells: 7/7 levels left

rFire   . .          .
                       - Unarmed
rCold   . . .        (no shield)
rNeg    . . .        a - +0 robe
rPois   .            p - +1 hat
rElec   .            (no cloak)
rCorr   .            (no gloves)
SInv    .            (no boots)
Will    .....        (no amulet)
Stlth   +            (no ring)
HPRegen 0.30/turn    (no ring)
MPRegen 0.11/turn

%: no passive effects
@: lethally poisoned (-1 -> -17), studying Translocations
A: demonic guardian 2, ignite blood 1, demonic touch 1
a: Renounce Religion


You were on level 7 of the Dungeon.
You worshipped Ru.
Ru was noncommittal.
You visited 2 branches of the dungeon, and saw 8 of its levels.

You collected 431 gold pieces.
You spent 45 gold pieces at shops.

Inventory:

Hand Weapons
 g - a +3 short sword of draining
Armour
 a - a +0 robe (worn)
 c - an orb of light
 p - a +1 hat (worn)
Scrolls
 h - 2 scrolls of fog
 m - a scroll of revelation
Potions
 b - 3 potions of ambrosia
 d - 2 potions of lignification
 e - 3 potions of haste
 f - 2 potions of might
 i - a potion of berserk rage
 j - a potion of mutation {unknown}
 k - a potion of resistance {unknown}
 l - a potion of heal wounds {unknown}
 o - a potion of attraction


   Skills:
 + Level 4.8 Fighting
 + Level 5.1 Dodging
 + Level 5.1 Unarmed Combat
 - Level 4.0 Evocations
 * Level 5.7 Shapeshifting


You had 7 spell levels left.
You didn't know any spells.
Your spell library contained the following spells:

 Spells                   Type           Power      Damage    Failure   Level
 Slow                     Hex            0%         N/A       36%         1
 Sting                    Conj/Alch      0%         1d3       36%         1
 Mercury Vapours          Alch/Air       0%         N/A       50%         2
 Confusing Touch          Hex            0%         N/A       75%         3
 Dazzling Flash           Conj/Hex       0%         N/A       75%         3
 Gell's Gravitas          Tloc           0%         N/A       75%         3
 Sigil of Binding         Hex            0%         N/A       75%         3
 Teleport Other           Tloc           0%         N/A       75%         3
 Vampiric Draining        Necr           0%         2d6       75%         3
 Volatile Blastmotes      Fire/Tloc      0%         2d10      75%         3
 Olgreb's Toxic Radiance  Alch           0%         N/A       98%         4
 Dispersal                Tloc           0%         N/A       100%        6
 Starburst                Conj/Fire      0%         6d3       100%        6
 Maxwell's Capacitive Co  Air            0%         ∞         100%        8


Dungeon Overview and Level Annotations

Branches:
Dungeon (7/15)             Temple (1/1) D:5

Altars:
Ashenzari
Cheibriados
Dithmenos
Fedhas
Gozag
Kikubaaqudgha
Makhleb
Nemelex Xobeh
Qazlal
Ru
Sif Muna
Trog
Uskayaw
Vehumet
Wu Jian
Xom
Yredelemnul

Shops:
D:3 *


Innate Abilities, Weirdness & Mutations

A demonic guardian rushes to your aid.
Your demonic aura sometimes causes spilled blood to erupt in flames.
Your touch may inflict minor irresistible damage on your foes.


Message History

Something hits your ice devil but does no damage.
Something stings your ice devil. The orc hits you but does no damage.
You feel sick. The killer bee stings your ice devil.
Something stings your ice devil.
Your ice devil dies!
Your ice devil disappears in a puff of smoke!
The orc barely misses you.
You hit the orc.
You kill the orc!
You feel sick. The killer bee barely misses you.
You feel less invigorated.
You feel less confused.
You feel sick.
You are too injured to fight recklessly!
Unknown command.
You are too injured to fight recklessly!
Unknown command.
You are too injured to fight recklessly!
Unknown command.
You hit the killer bee.
The killer bee is lightly wounded.
You feel sick.
The killer bee stings you but does no damage. x2
The killer bee stings you.
You are more poisoned.
The killer bee poisons you!
You closely miss the killer bee. Your touch misses the killer bee.
The killer bee is lightly wounded.
You feel very sick. The killer bee stings you.
* * * LOW HITPOINT WARNING * * *
The killer bee stings you!
* * * LOW HITPOINT WARNING * * *
The killer bee stings you.
* * * LOW HITPOINT WARNING * * *
The killer bee stings you.
* * * LOW HITPOINT WARNING * * *
You are more poisoned.
The killer bee poisons you!
You die...

#...#...... ..#
#.).#....####.#
#.............#
###.#..#.#.##.#
#....#.#.##.#
.#.####.#..#.#.##.#
...........!.#.##.#
.#......#..#.#....#
...####.#..#.#@#..# .#
#.#..§.#.#..#.....#
#.#..#{yy#..#.....#..#.#
#.#..#.#....#.....#......
###..#.#....##...........
#..#.#....##........###
#..#.#...............##
...#.#.....#.#....#....
..........##.#....##.##


You could see 2 killer bees.

Vanquished Creatures
  An ogre (D:6)
  A centaur (D:7)
  A phantom (D:7)
  4 bullfrogs
  2 killer bees (D:7)
  2 howler monkeys
  A bombardier beetle (D:3)
  2 hounds
  2 orc priests
  Jessica (D:2)
  3 iguanas
  An orc wizard (D:7)
  10 adders
  A shadow imp (D:6)
  A dart slug (D:3)
  12 orcs
  3 ball pythons (D:1)
  5 bats
  7 endoplasms
  5 giant cockroaches
  8 goblins
  3 hobgoblins
  2 jackals (D:1)
  A quokka (D:2)
  3 frilled lizards
  4 kobolds
  8 rats
94 creatures vanquished.

Vanquished Creatures (collateral kills)
  Sigmund (D:2)
  2 black bears (D:5)
  A centaur (D:6)
  A bullfrog (D:4)
  A scorpion (D:6)
  A killer bee (D:7)
  A hound (D:5)
  2 iguanas (D:4)
  2 orcs (D:6)
  An endoplasm (D:4)
  A kobold (D:4)
14 creatures vanquished.

Grand Total: 108 creatures vanquished

Notes
Turn   | Place    | Note
-------+----------+-------------------------------------------
     0 | D:1      | Gadfly the Demonspawn Monk began the quest for the Orb.
     0 | D:1      | Reached XP level 1. HP: 18/18 MP: 1/1
   204 | D:1      | Gained mutation: Your touch may inflict minor irresistible
                  | damage on your foes. [demonic ancestry]
   204 | D:1      | Reached XP level 2. HP: 23/24 MP: 2/2
   372 | D:1      | Reached skill level 1 in Evocations
   404 | D:1      | Reached skill level 1 in Shapeshifting
   773 | D:1      | Found a faded altar of an unknown god.
   818 | D:2      | Gained mutation: A weak demonic guardian rushes to your
                  | aid. [demonic ancestry]
   818 | D:2      | Reached XP level 3. HP: 29/29 MP: 3/3
   833 | D:2      | Noticed Jessica
   840 | D:2      | Killed Jessica
  1033 | D:2      | Gained mutation: A demonic guardian rushes to your aid.
                  | [demonic ancestry]
  1033 | D:2      | Reached XP level 4. HP: 11/35 MP: 4/4
  1327 | D:2      | Noticed Sigmund
  1337 | D:2      | Killed Sigmund
  1338 | D:2      | Reached XP level 5. HP: 10/41 MP: 5/5
  1540 | D:2      | Reached XP level 6. HP: 47/47 MP: 6/6
  1962 | D:3      | Found an ornate altar of the Wu Jian Council.
  2034 | D:3      | Found Ickofror's Assorted Antiques.
  2044 | D:3      | Bought a viscous brown potion for 21 gold pieces
  2044 | D:3      | Bought a scroll labelled BAXKETZOURGH for 24 gold pieces
  2507 | D:3      | Found a faded altar of an unknown god.
  2511 | D:3      | Found a shadowy altar of Dithmenos.
  3251 | D:5      | Entered Level 5 of the Dungeon
  3276 | D:5      | Reached XP level 7. HP: 45/52 MP: 7/7
  3582 | D:5      | Found a bloodstained altar of Trog.
  3973 | D:5      | Found a burning altar of Makhleb.
  4200 | D:5      | Found a staircase to the Ecumenical Temple.
  4210 | Temple   | Entered the Ecumenical Temple
  4229 | Temple   | Became a worshipper of Ru the Awakened
  5029 | D:6      | Gained mutation: Your demonic aura sometimes causes spilled
                  | blood to erupt in flames. [demonic ancestry]
  5029 | D:6      | Reached XP level 8. HP: 45/60 MP: 8/8
  6263 | D:7      | Reached skill level 5 in Shapeshifting
  6501 | D:7      | Reached skill level 5 in Dodging
  6501 | D:7      | Reached skill level 5 in Unarmed Combat
  6771 | D:7      | HP: 3/61 [killer bee (3)]
  6772 | D:7      | Succumbed to a killer bee's poison

Illustrated notes

Levels and vault maps discovered:
D:1:      dpeg_arrival_connections, layout_loops_cross,
          shapermc_ecumenical_altar_petra, minmay_tromino_v4_b
D:2:      layout_basic, chequers_jeans, grunt_decor_arrowhead, uniq_jessica,
          uniq_sigmund
D:3:      layout_loops_corners, mainiacjoe_overflow_24_doors,
          nicolae_overflow_ecumenical_swirl, serial_shops,
          nicolae_shop_dealshenge
D:4:      layout_rooms, kennysheep_generic_room_9
D:5:      layout_gridville, lemuel_doored_altar, trog_ov_bears_minmay,
          minmay_temple_entry_nine_rooms
D:6:      layout_loops_ring
D:7:      layout_basic, kennysheep_mini_moat, uniq_pikel
Temple:   regret_index_temple_generic_petals

Skill      XL: |  1  2  3  4  5  6  7  8 |
---------------+-------------------------+-----
Evocations     | 1 2 3 4 |  4.0
Shapeshifting  | 1 2 3 4 5 |  5.7
Dodging        | 3 4 5 |  5.1
Unarmed Combat | 3 4 5 |  5.1
Fighting       | 4 |  4.8

Action                     |  1- 3 |  4- 6 |  7- 9 || total
---------------------------+-------+-------+-------++-------
  Melee: Unarmed           |   106 |   128 |   169 ||   403
         Touch             |       |       |    21 ||    21
         Punch             |       |       |     3 ||     3
 Invoke: Reject Sacrifices |       |       |     1 ||     1
    Use: Scroll            |     4 |    10 |     4 ||    18
         Potion            |       |     2 |     3 ||     5
 Armour: Robe              |    41 |    63 |   125 ||   229
  Dodge: Dodged            |    71 |    62 |   155 ||   288
